 Dungeon Crawl Stone Soup version 0.19.1-1-g22dce08 (webtiles) character file.

6476 sveltemanboy the Spear-Bearer (level 10, -5/109 HPs)
             Began as a Green Draconian Summoner on Jan 11, 2017.
             Was a Believer of Ashenzari.
             Slain by a wraith (12 damage)
             ... led by Josephine
             ... on level 10 of the Dungeon.
             The game lasted 00:31:30 (10909 turns).

sveltemanboy the Spear-Bearer (DrSu)               Turns: 10909, Time: 00:31:31

Health: -5/109     AC: 11    Str: 17    XL:     10   Next: 68%
Magic:  24/31      EV: 12    Int: 19    God:    Ashenzari [**....]
Gold:   433        SH:  0    Dex: 12    Spells: 3 memorised, 4 levels left

rFire  . . .     SeeInvis .     x - +5 bardiche (elec) (curse)
rCold  . . .     Gourm    .     (armour unavailable)
rNeg   . . .     Faith    .     (shield currently unavailable)
rPois  +         Spirit   .     (helmet restricted)
rElec  .         Reflect  .     (no cloak)
rCorr  .         Harm     .     E - +2 pair of gloves (curse)
MR     .....     Clarity  +     C - +0 pair of boots (curse)
Stlth  ..........               (no amulet)
                                i - ring of magical power (curse)
                                q - ring of the Tempest {MP+9 Str+2} (curse)

@: berserking, slowed, drained
A: breathe noxious fumes, unfitting armour, big wings, fangs 1, hooves 1, blurry
vision 1, clarity, poison resistance, cold-blooded, AC +7
a: Breathe Noxious Fumes, Fly, Curse Item, Scrying, Renounce Religion


You were on level 10 of the Dungeon.
You worshipped Ashenzari.
Ashenzari was pleased with you.
You were near starving.

You visited 2 branches of the dungeon, and saw 11 of its levels.
You also visited: Ossuary.

You collected 778 gold pieces.
You spent 345 gold pieces at shops.

Inventory:

Hand Weapons
 x - a cursed +5 bardiche of electrocution (weapon)
Missiles
 c - 7 javelins (quivered)
Armour
 C - a cursed +0 pair of boots (worn)
 E - a cursed +2 pair of gloves (worn)
Jewellery
 i - a cursed ring of magical power (right hand)
 k - an uncursed ring of protection from fire
 q - the cursed ring of the Tempest (left hand) {MP+9 Str+2}
   (You found it on level 5 of the Dungeon)

   [ring of magical power]

   It affects your strength (+2).
   It affects your magic capacity (+9).
   It has a curse placed upon it.
Wands
 h - a wand of enslavement (13/24)
 B - a wand of disintegration (8/24)
 L - a wand of disintegration (24/24)
Scrolls
 a - 2 scrolls of immolation {unknown}
 e - 2 scrolls of remove curse
 g - a scroll of fear
 j - 2 scrolls of acquirement {unknown}
 u - 4 scrolls of blinking
 v - a scroll of magic mapping
 y - 5 scrolls of teleportation
 z - a scroll of amnesia
Potions
 d - 10 potions of curing
 f - a potion of might {unknown}
 l - 2 potions of resistance
 n - 3 potions of agility {unknown}
 o - 3 potions of cancellation {unknown}
 p - 2 potions of flight {unknown}
 r - 2 potions of heal wounds {unknown}
 s - a potion of invisibility
 w - 5 potions of haste {unknown}
 A - a potion of brilliance
 D - a potion of magic {unknown}
Comestibles
 b - 8 bread rations
 m - 9 fruits
 G - a meat ration
 J - 3 beef jerkies


   Skills:
 - Level 2.0(1.6) Fighting
 * Level 12.9(15.0) Polearms
 - Level 1.7(1.3) Dodging
 - Level 1.7(1.3) Stealth
 - Level 2.0(1.6) Spellcasting
 - Level 10.0(10.8) Summonings
 - Level 1.0(1.5) Ice Magic


You had 4 spell levels left.
You knew the following spells:

 Your Spells              Type           Power        Failure   Level  Hunger
b - Call Imp              Summ           #####...     1%          2    ###....
c - Call Canine Familiar  Summ           #####...     1%          3    ###....
d - Summon Ice Beast      Ice/Summ       ####....     14%         4    #####..


Dungeon Overview and Level Annotations

Branches:
Dungeon (10/15)            Temple (1/1) D:7            Lair (0/6) D:9
    Orc: D:9-12

Altars:
Ashenzari
Cheibriados
Dithmenos
Elyvilon
Gozag
Hepliaklqana
Kikubaaqudgha
Makhleb
Nemelex Xobeh
Okawaru
Qazlal
Ru
Sif Muna
Trog
Uskayaw
Vehumet
Xom
Yredelemnul
Zin
The Shining One

Shops:
D:5 %:(%


Innate Abilities, Weirdness & Mutations

You can breathe blasts of noxious fumes.
Your lurid green scales are hard. (AC +7)
You cannot fit into any form of body armour.
Your system is resistant to poisons. (rPois)
You are cold-blooded and may be slowed by cold attacks.
Your large and strong wings let you fly indefinitely.
You have very sharp teeth.
You have large cloven feet.
Scrolls take you a little longer to read.
You possess an exceptional clarity of mind.


Message History

You feel as though you will be slow longer.
Your hound closely misses the wraith.
The wraith hits you.
* * * LOW HITPOINT WARNING * * *
The wraith drains your vigour!
You feel as though you will be slow longer.
The bullfrog releases a deep croak.
The bullfrog hits you.
* * * LOW HITPOINT WARNING * * *
You hit the wraith.
Your tail-slap misses the wraith.
The wraith is heavily damaged.
Your hound closely misses the wraith.
The bullfrog hits you but does no damage.
The wraith hits you.
* * * LOW HITPOINT WARNING * * *
The wraith drains your vigour!
You feel as though you will be slow longer.
The wraith hits you!
* * * LOW HITPOINT WARNING * * *
The wraith hits you!
You die...

..#############..........
.........................,
.........................
, ,
.....#####...............
.....# #....>.......... ,
.....# #.....Y......... ,
* .....# #.....##'###..# ,
.....# #....Y#.W..#, # ,
.....# #.....#@W..#,.+
.....# #.....#WF..#..# *
.....# #.....#Wh.)'..# , *
##...# #.....#....#..# ,,
#...# #.....#....# .#* *
###.#####.....######.... ,
#...............>... .., ,
, #################### *##


You could see 4 wraiths, a bullfrog and a friendly hound.

Vanquished Creatures
  Psyche (D:9)
  2 trolls (D:9)
  Grinder (D:4)
  3 hippogriffs
  A spriggan (D:7)
  The ghost of ponk the Thaumaturge, an amateur DEWz of Sif Muna (D:4)
  A yak (D:9)
  A vampire (D:9)
  A hungry ghost (D:7)
  An ice beast (D:8)
  An orc warrior (D:5)
  6 phantoms
  7 ogres
  4 centaurs
  A big kobold (D:9)
  3 bullfrogs
  A scorpion (D:6)
  2 killer bees (D:7)
  An electric eel (D:6)
  A howler monkey (D:6)
  5 crimson imps
  2 jellies
  3 hounds
  A quasit (D:8)
  3 orc priests
  5 orc wizards
  2 iguanas (D:8)
  Natasha (twice) (D:4)
  5 worker ants
  3 mummies (Ossuary)
  A worker ant zombie (D:8)
  Robin (D:4)
  2 howler monkey skeletons
  10 adders
  8 gnolls
  2 shadow imps
  An ooze (D:6)
  2 adder zombies
  3 worms
  3 dart slugs
  4 leopard geckos
  14 orcs
  3 ball pythons
  7 bats
  9 giant cockroaches
  9 goblins
  8 hobgoblins
  4 jackals
  5 quokkas
  6 frilled lizards
  A hobgoblin zombie (Ossuary)
  A jackal zombie (D:5)
  12 kobolds
  A kobold zombie (Ossuary)
  A leopard gecko skeleton (D:4)
  2 orc zombies (Ossuary)
  4 rats
195 creatures vanquished.

Vanquished Creatures (collateral kills)
  Josephine (D:10)
  Joseph (D:7)
  2 yaks (D:9)
  A wraith (D:10)
  An orc warrior (D:8)
  An ice beast (D:7)
  A phantom (D:7)
  A necrophage (D:8)
  A centaur (D:5)
  2 bullfrogs (D:8)
  A killer bee (D:7)
  2 crimson imps
  A jelly (D:6)
  A gnoll shaman (D:7)
  An orc priest (D:8)
  3 orc wizards
  An iguana (D:4)
  Natasha (D:4)
  A worker ant (D:8)
  5 mummies (Ossuary)
  4 gnolls
  2 adders
  An ooze (D:1)
  An adder zombie (D:6)
  3 orcs
  A giant cockroach (D:1)
  2 goblins (D:4)
  5 hobgoblins
  A jackal (D:8)
  A quokka (D:9)
  2 bats
  2 frilled lizards
  3 hobgoblin zombies (Ossuary)
  A kobold (D:2)
  A kobold zombie (Ossuary)
  4 rats
63 creatures vanquished.

Grand Total: 258 creatures vanquished

Notes
Turn   | Place    | Note
-------+----------+-------------------------------------------
     0 | D:1      | sveltemanboy the Draconian Summoner began the quest for the Orb.
     0 | D:1      | Reached XP level 1. HP: 14/14 MP: 3/3
   352 | D:1      | Reached XP level 2. HP: 22/22 MP: 1/5
   359 | D:1      | Learned a level 2 spell: Call Imp
   508 | D:1      | Reached skill level 1 in Fighting
   571 | D:1      | Reached XP level 3. HP: 22/28 MP: 2/6
   829 | D:2      | Learned a level 3 spell: Call Canine Familiar
  1051 | D:2      | Reached skill level 5 in Summonings
  1353 | D:2      | Reached XP level 4. HP: 36/36 MP: 7/7
  1484 | D:2      | Found a burning altar of Makhleb.
  1687 | D:2      | Reached skill level 1 in Polearms
  1901 | D:3      | Found a bloodstained altar of Trog.
  1901 | D:3      | Found a snail-covered altar of Cheibriados.
  1906 | D:3      | Found a glowing silver altar of Zin.
  1908 | D:3      | Found a hazy altar of Hepliaklqana.
  1909 | D:3      | Found a deep blue altar of Sif Muna.
  1990 | D:3      | Found a white marble altar of Elyvilon.
  2152 | D:3      | Reached skill level 2 in Polearms
  2254 | D:3      | Reached XP level 5. HP: 37/41 MP: 3/8
  2685 | D:4      | Noticed Natasha
  2693 | D:4      | Killed Natasha
  2693 | D:4      | Reached skill level 3 in Polearms
  2696 | D:4      | Reached XP level 6. HP: 24/48 MP: 6/9
  2906 | D:4      | Noticed Robin
  2919 | D:4      | Killed Robin
  2949 | D:4      | Found a sand-covered staircase.
  2958 | Ossuary  | Entered an ossuary
  3355 | D:4      | Noticed ponk's ghost (amateur DEWz)
  3644 | D:4      | Noticed Natasha
  3659 | D:4      | Killed Natasha
  3659 | D:4      | Reached skill level 4 in Polearms
  3661 | D:4      | Noticed Natasha
  3669 | D:4      | Killed Natasha
  3740 | D:4      | Gained mutation: You possess an exceptional clarity of mind. [potion of beneficial mutation]
  3788 | D:4      | Your scales start taking on a lurid green colour.
  3788 | D:4      | Reached XP level 7. HP: 53/55 MP: 10/10
  3788 | D:4      | Gained mutation: Your system is resistant to poisons. (rPois) [Green Draconian growth]
  3885 | D:4      | Killed ponk's ghost
  3997 | D:4      | Reached skill level 5 in Polearms
  4272 | D:4      | Noticed Grinder
  4272 | D:4      | Paralysed by Grinder for 3 turns
  4280 | D:4      | Paralysed by Grinder for 5 turns
  4587 | D:4      | Killed Grinder
  4838 | D:5      | Entered Level 5 of the Dungeon
  4975 | D:5      | Reached skill level 6 in Polearms
  4975 | D:5      | Reached XP level 8. HP: 38/61 MP: 7/11
  5120 | D:5      | Found Cipyulep's Book Emporium.
  5333 | D:5      | Found Xoaziof's Food Shoppe.
  5758 | D:5      | Gained mutation: You have large cloven feet. [potion of beneficial mutation]
  5872 | D:5      | Gained mutation: Your large and strong wings let you fly indefinitely. [potion of mutation]
  5872 | D:5      | Gained mutation: Scrolls take you a little longer to read. [potion of mutation]
  5872 | D:5      | Gained mutation: You have very sharp teeth. [potion of mutation]
  6084 | D:5      | Found Tiypeuno's Antique Weapon Boutique.
  6092 | D:5      | Bought a runed bardiche for 345 gold pieces
  6116 | D:5      | Found a sacrificial altar of Ru.
  6298 | D:5      | Found Toxahe's Food Emporium.
  6316 | D:5      | Reached skill level 7 in Polearms
  6322 | D:5      | Learned a level 4 spell: Summon Ice Beast
  6336 | D:5      | Got an ancient copper ring
  6339 | D:5      | Identified the ring of the Tempest {MP+9 Str+2} (You found it on level 5 of the Dungeon)
  7158 | D:6      | Reached skill level 8 in Polearms
  7321 | D:6      | Reached XP level 9. HP: 67/67 MP: 12/12
  7333 | D:6      | Reached skill level 1 in Ice Magic
  7721 | D:7      | Reached skill level 9 in Polearms
  7845 | D:7      | Found a staircase to the Ecumenical Temple.
  8038 | Temple   | Entered the Ecumenical Temple
  8182 | Temple   | Became a worshipper of Ashenzari the Shackled
  8212 | D:7      | Identified the cursed +1 spear "Grom" {pierce, rC+}
  8302 | D:7      | Noticed Joseph
  8311 | D:7      | Killed Joseph
  8311 | D:7      | Reached skill level 10 in Polearms
  8458 | D:7      | Found a sparkling altar of Nemelex Xobeh.
  8459 | D:7      | Identified the +7 arbalest of Psychosis {flame, rC+ MR+ Dex+2}
  8459 | D:7      | Noticed a six-headed hydra
  8687 | D:7      | Found a stormy altar of Qazlal.
  8931 | D:8      | Reached skill level 10 in Summonings
  9042 | D:8      | Reached * piety under Ashenzari
  9091 | D:8      | Reached XP level 10. HP: 66/73 MP: 13/13
  9537 | D:8      | Reached skill level 11 in Polearms
  9960 | D:9      | Found a basalt altar of Yredelemnul.
 10004 | D:9      | Noticed Psyche
 10035 | D:9      | Found a staircase to the Lair.
 10309 | D:9      | Reached ** piety under Ashenzari
 10312 | D:9      | Found a shadowy altar of Dithmenos.
 10493 | D:9      | Reached skill level 12 in Polearms
 10774 | D:9      | Killed Psyche
 10792 | D:10     | Entered Level 10 of the Dungeon
 10891 | D:10     | Noticed Josephine
 10899 | D:10     | Killed Josephine
 10909 | D:10     | Slain by a wraith

Skill      XL: |  1  2  3  4  5  6  7  8  9 10 |
---------------+-------------------------------+-----
Fighting       | 1 2 |  2.0
Summonings     | 5 6 7 9 10 | 10.0
Polearms       | 2 3 4 6 8 10 12 | 12.9
Ice Magic      | 1 |  1.0
Dodging        | |  1.7
Stealth        | |  1.7
Spellcasting   | |  2.0

Action                   |  1- 3 |  4- 6 |  7- 9 | 10-12 || total
-------------------------+-------+-------+-------+-------++-------
Melee: Unarmed           |    32 |       |       |       ||    32
       Tailslap          |     5 |    14 |    17 |       ||    36
       Halberd           |    46 |    43 |       |       ||    89
       Short sword       |       |   183 |   102 |       ||   285
       Bardiche          |       |       |   134 |   103 ||   237
       Bite              |       |       |     3 |     1 ||     4
Throw: Javelin           |    19 |     2 |     2 |       ||    23
 Cast: Summon Small Mamm |    27 |     1 |       |       ||    28
       Call Imp          |     2 |    17 |    34 |     5 ||    58
       Call Canine Famil |     1 |    13 |    24 |    10 ||    48
       Summon Ice Beast  |       |       |       |    11 ||    11
Invok: Curse Item        |       |       |     5 |       ||     5
 Abil: Breathe Noxious F |       |       |     1 |       ||     1
Evoke: Wand              |       |       |     1 |       ||     1
  Use: Scroll            |       |     9 |    10 |     1 ||    20
       Potion            |       |     1 |     2 |     3 ||     6
 Stab: Sleeping          |     3 |     6 |     6 |     2 ||    17
       Distracted        |     2 |     1 |     4 |     3 ||    10
  Eat: Chunk             |     2 |    10 |    17 |     8 ||    37
       Beef jerky        |       |     1 |       |       ||     1
       Meat ration       |       |       |     2 |       ||     2
       Pizza             |       |       |     1 |       ||     1
Armor: Skin              |    36 |    69 |    72 |    55 ||   232
Dodge: Dodged            |    58 |   141 |   127 |    73 ||   399
